 Dungeon Crawl Stone Soup version 0.22-a0-479-gc6e99f3 (webtiles) character file.

574 Azzur the Chopper (level 6, -5/51 HPs)
             Began as a Demigod Fighter on June 14, 2018.
             Slain by an orc warrior
             ... wielding a +0 halberd
              (24 damage)
             ... on level 6 of the Dungeon.
             The game lasted 00:20:11 (2650 turns).

Azzur the Chopper (Demigod Fighter)                 Turns: 2650, Time: 00:20:12

Health: -5/51      AC: 14    Str: 23    XL:     6   Next: 87%
Magic:  8/8        EV:  4    Int: 12    God:
Gold:   344        SH: 10    Dex: 15    Spells: 5/5 levels left

rFire    . . .     SeeInvis .   z - +0 war axe
rCold    . . .     Gourm    .   c - +0 shield
rNeg     . . .     Faith    .   k - +0 plate armour
rPois    .         Spirit   .   o - +0 helmet
rElec    .         Reflect  .   (no cloak)
rCorr    +         Harm     .   t - +0 pair of gloves
MR       .....                  (no boots)
Stlth    ..........             (no amulet)
HPRegen  0.17/turn              l - ring of resist corrosion
MPRegen  0.11/turn              u - ring of resist corrosion

@: no status effects
A: high mp 1
a: no special abilities


You were on level 6 of the Dungeon.
You were not hungry.

You visited 1 branch of the dungeon, and saw 5 of its levels.

You collected 344 gold pieces.

Inventory:

Hand Weapons
 j - a +2 vampiric dagger
 z - a +0 war axe (weapon)
Missiles
 v - 3 tomahawks (quivered)
Armour
 c - a +0 shield (worn)
 k - a +0 plate armour (worn)
 o - a +0 helmet (worn)
 t - a +0 pair of gloves (worn)
Magical Staves
 a - an uncursed staff of wizardry {unknown}
Jewellery
 l - a ring of resist corrosion (left hand)
 r - a cursed ring of protection from fire
 u - a ring of resist corrosion (right hand)
Wands
 w - a wand of disintegration (12)
Scrolls
 i - 5 scrolls of identify
 m - a scroll of amnesia {unknown}
 n - 2 scrolls of blinking {unknown}
 q - a scroll of remove curse {unknown}
 x - a scroll of teleportation {unknown}
 y - a scroll of enchant weapon {unknown}
 A - a scroll of magic mapping {unknown}
Potions
 b - 4 potions of curing {unknown}
 d - a potion of might
 e - 2 potions of agility {unknown}
 g - a potion of heal wounds
 h - a potion of ambrosia {unknown}
 p - a potion of lignification {unknown}
 s - a potion of degeneration {unknown}
Comestibles
 f - 8 rations


   Skills:
 + Level 3.4 Fighting
 + Level 5.2 Axes
 + Level 0.4 Throwing
 * Level 4.1 Armour
 + Level 0.2 Dodging
 + Level 3.8 Shields


You had 5 spell levels left.
You didn't know any spells.
Your spell library was empty.

Dungeon Overview and Level Annotations

Branches:
Dungeon (4/15)
 Temple: D:4-7


Innate Abilities, Weirdness & Mutations

You have an increased reservoir of magic. (+10% MP)


Message History

You closely miss the orc warrior. The adder bites you but does no damage.
The orc warrior hits you with a halberd.
You block the adder's attack.
You hit the orc warrior.
The orc warrior is moderately wounded.
Your plate armour prevents you from hitting the adder.
You block the adder's attack.
The orc warrior hits you but does no damage.
The adder bites you but does no damage. You block the orc warrior's attack.
You hit the scorpion but do no damage. You miss the adder.
You closely miss the orc warrior. The adder barely misses you.
You block the scorpion's attack. The adder bites you but does no damage.
The scorpion stings you but does no damage.
The orc warrior hits you with a halberd!
You completely miss the orc warrior.
The orc warrior is moderately wounded.
You hit the scorpion. You hit the adder. You block the adder's attack.
You block the scorpion's attack.
The orc warrior hits you with a halberd!!
You die...

........###†###.##...
.....................##
####..###.....##........
..........#.#.##........
#####.###....<.........#
# ###.#..##...).#
#.##..#.....##
#.###).......# #.#
#.@S.....# #.#
##os.....# ..# ##.....#.
..# #...... #.> ......
..# .#.... #.... ...


You could see an orc warrior, a scorpion and an adder.

Vanquished Creatures
  A phantom (D:4)
  2 ogres
  A crimson imp (D:6)
  An orc wizard (D:3)
  An orc priest (D:3)
  3 worker ants (D:4)
  A howler monkey zombie (D:6)
  4 adders
  An ooze (D:1)
  A dart slug (D:2)
  A leopard gecko (D:1)
  15 orcs
  7 bats
  3 giant cockroaches
  5 goblins
  8 hobgoblins (D:1)
  8 jackals
  6 kobolds
  A quokka (D:3)
  A ball python (D:1)
  5 frilled lizards
  6 rats
82 creatures vanquished.

Notes
Turn   | Place    | Note
-------+----------+-------------------------------------------
     0 | D:1      | Azzur the Demigod Fighter began the quest for the Orb.
     0 | D:1      | Reached XP level 1. HP: 18/18 MP: 3/3
   186 | D:1      | Reached XP level 2. HP: 25/25 MP: 4/4
   215 | D:1      | Reached skill level 2 in Axes
   582 | D:1      | Reached XP level 3. HP: 28/31 MP: 5/5
  1573 | D:3      | Found a basalt altar of Yredelemnul.
  1829 | D:3      | Reached XP level 4. HP: 38/38 MP: 6/6
  1927 | D:3      | Reached skill level 3 in Axes
  2028 | D:3      | Found an opulent altar of Gozag.
  2029 | D:3      | Found a stormy altar of Qazlal.
  2029 | D:3      | Found a glowing silver altar of Zin.
  2243 | D:4      | Reached XP level 5. HP: 45/45 MP: 7/7
  2269 | D:4      | Noticed a phantom
  2299 | D:4      | Killed a phantom
  2299 | D:4      | Reached skill level 4 in Axes
  2308 | D:4      | Found an opulent altar of Gozag.
  2314 | D:4      | Noticed an ogre
  2328 | D:4      | Killed an ogre
  2328 | D:4      | Reached XP level 6. HP: 38/51 MP: 8/8
  2517 | D:4      | You fall through a shaft for 2 floors!
  2577 | D:6      | Reached skill level 5 in Axes
  2650 | D:6      | Slain by an orc warrior

Vault maps used:
D:1:      eino_arrival_water_star, serial_bayou_pond_b
D:3:      overflow_temple_1_default, minitemple, minmay_crystal_water
D:4:      nicolae_overflow_crystal_walls, first_ration,
          nicolae_gozag_seed_capital
D:6:      kennysheep_okawaru_gauntlet, lemuel_crystal_altar, temple_fountains,
          basic_altar

Skill      XL: |  1  2  3  4  5  6 |
---------------+-------------------+-----
Armour         | 3 4 |  4.1
Axes           | 2 3 4 5 |  5.2
Fighting       | 3 |  3.4
Shields        | 3 |  3.8
Throwing       | |  0.4
Dodging        | |  0.2

Action                   |  1- 3 |  4- 6 || total
-------------------------+-------+-------++-------
Melee: War axe           |   159 |   166 ||   325
Throw: Tomahawk          |       |     4 ||     4
  Use: Scroll            |     1 |       ||     1
       Potion            |       |     2 ||     2
  Eat: Chunk             |     3 |     3 ||     6
Armor: Scale mail        |     8 |       ||     8
       Chain mail        |    14 |       ||    14
       Plate armour      |    81 |    80 ||   161
Dodge: Dodged            |    17 |    22 ||    39
Block: Shield            |   100 |    79 ||   179

Table legend:
 A = Spawn XP
 B = Non-spawn XP
 C = Spawn XP percentage of total XP
 D = Spawn monster count
 E = Non-spawn monster count
 F = Spawn count percentage of total count
 G = Total turns spent on level
                    A         B        C        D         E        F      G
               +---------+---------+-------+---------+---------+-------+---------
         Total |       0 |     820 |   0.0 |       0 |      82 |   0.0 |  2650
               +---------+---------+-------+---------+---------+-------+---------
           D:1 |       0 |      55 |   0.0 |       0 |      29 |   0.0 |   929
           D:2 |       0 |      37 |   0.0 |       0 |       8 |   0.0 |   637
           D:3 |       0 |     137 |   0.0 |       0 |      27 |   0.0 |   659
           D:4 |       0 |     390 |   0.0 |       0 |       9 |   0.0 |   292
           D:6 |       0 |     201 |   0.0 |       0 |       9 |   0.0 |   133
               +---------+---------+-------+---------+---------+-------+---------
